Map: Dusk Towers

Players

uThermal - Winner!

  • Race: Terran Terran
  • League: Grandmaster

ShoWTimE

  • Race: Protoss Protoss
  • League: Master

Event: DreamHack ZOWIE Open Leipzig

VOD

Have the link to the VOD?

Description

Time

  • Played on: Jan. 23, 2016, 10:44 a.m.
  • Length: 6:13

All games in this series

Show
View Real Time Build Order
Export as new Build Order

uThermal Terran - Winner!

Build Orders: Liberator Opening 

Get SALT Encoding   

  12  0:01  SCV  
  13  0:13  SCV  
  14  0:17  Supply Depot  
  14  0:25  SCV  
  15  0:39  SCV, Barracks  
  16  0:45  Refinery  
  16  0:51  SCV  
  17  1:03  SCV  
  18  1:15  SCV  
  19  1:28  Barracks Reactor  
  19  1:29  Orbital Command  
  19  1:41  Command Center  
  19  1:50  Supply Depot  
  19  1:55  SCV  
  20  2:06  Marine x2  
  20  2:07  SCV  
  23  2:14  Factory  
  23  2:19  SCV  
  23  2:22  Refinery  
  24  2:24  Marine x2  
  26  2:31  SCV  
  27  2:42  Marine x2  
  27  2:43  SCV  
  29  2:54  Orbital Command  
  29  2:55  SCV  
  30  2:59  Starport  
  30  3:00  Factory Tech Lab  
  30  3:03  Marine  
  31  3:07  Marine  
  31  3:10  SCV  
  33  3:19  Cyclone  
  36  3:24  Engineering Bay  
  36  3:25  Marine  
  37  3:28  Marine  
  37  3:31  SCV  
  37  3:32  Liberator  
  37  3:33  SCV  
  40  3:38  Supply Depot  
  40  3:45  Marine  
  41  3:54  Missile Turret  
  44  3:58  Missile Turret  
  44  4:01  SCV  
  45  4:04  SCV  
  46  4:13  SCV  
  46  4:16  SCV  
  48  4:18  Cyclone, Marine  
  52  4:27  SCV  
  52  4:28  Supply Depot  
  52  4:29  SCV  
  53  4:33  Marine  
  50  4:45  SCV x2  
  53  4:50  Cyclone  
  53  4:52  Marine  
  56  4:53  Barracks  
  56  4:54  Barracks  
  56  4:55  Marine  
  56  5:07  SCV x2  
  56  5:10  Marine  
  56  5:11  Supply Depot  
  56  5:13  Marine  
  59  5:22  Cyclone  
  59  5:24  Refinery x2  
  62  5:32  SCV x2, Marine x2  
  67  5:44  SCV x2  
  67  5:45  Barracks Tech Lab x2  
  68  5:50  Marine  
  68  5:53  Marine  
  70  6:08  Command Center  
Show
View Real Time Build Order
Export as new Build Order

ShoWTimE Protoss 

Build Orders: 1 Gate Expand, Oracle Opening 

Get SALT Encoding   

  12  0:00  Probe (Chrono Boost)  
  13  0:11  Probe (Chrono Boost)  
  14  0:17  Pylon  
  14  0:22  Probe (Chrono Boost)  
  16  0:35  Probe (Chrono Boost)  
  16  0:36  Gateway  
  16  0:42  Assimilator  
  16  0:46  Probe (Chrono Boost)  
  17  0:57  Probe (Chrono Boost)  
  18  1:07  Probe (Chrono Boost)  
  19  1:21  Nexus  
  19  1:31  Cybernetics Core  
  19  1:34  Probe (Chrono Boost)  
  19  1:39  Assimilator  
  20  1:44  Probe (Chrono Boost)  
  21  1:50  Pylon  
  21  1:55  Probe (Chrono Boost)  
  24  2:08  Mothership Core (Chrono Boost), Adept  
  24  2:14  Warp Gate  
  26  2:26  Probe (Chrono Boost)  
  27  2:33  Probe (Chrono Boost)  
  27  2:36  Adept  
  31  2:37  Probe (Chrono Boost)  
  32  2:44  Probe (Chrono Boost)  
  32  2:47  Probe (Chrono Boost)  
  33  2:53  Stargate  
  33  2:55  Probe (Chrono Boost)  
  33  2:58  Probe (Chrono Boost)  
  35  3:03  Adept  
  35  3:05  Probe (Chrono Boost)  
  38  3:07  Pylon  
  38  3:08  Probe (Chrono Boost)  
  39  3:16  Probe (Chrono Boost)  
  39  3:19  Probe (Chrono Boost)  
  41  3:26  Probe (Chrono Boost)  
  42  3:30  Probe (Chrono Boost), Adept  
  45  3:35  Probe (Chrono Boost)  
  45  3:37  Oracle (Chrono Boost)  
  45  3:39  Pylon  
  45  3:40  Probe  
  50  3:45  Probe  
  51  3:53  Nexus  
  51  3:55  Probe  
  52  3:56  Probe  
  53  4:07  Probe  
  53  4:09  Probe, Phoenix (Chrono Boost)  
  56  4:12  Pylon  
  57  4:19  Probe x2  
  57  4:22  Pylon  
  59  4:30  Probe  
  59  4:31  Probe  
  55  4:40  Pylon  
  55  4:45  Gateway  
  55  4:47  Phoenix (Chrono Boost)  
  55  4:48  Gateway  
  55  4:50  Probe  
  55  4:51  Probe  
  57  4:54  Assimilator  
  57  4:55  Twilight Council  
  57  4:58  Assimilator  
  57  5:04  Adept  
  57  5:05  Probe  
  60  5:07  Probe  
  61  5:17  Probe  
  62  5:23  Pylon  
  62  5:28  Pylon  
  62  5:32  Pylon  
  61  5:43  Phoenix (Chrono Boost)  
  55  5:50  Adept x3  

Tags
 
Add a new tag
Caveats
  • Supply blocks, unpowered buildings, or Contaminate may cause inaccurate times.
  • Supply counts are checked every 10 seconds.